 Dungeon Crawl Stone Soup version 0.28.0-53-g5a82cb258f (webtiles) character file.

Game seed: 4528421625250624159

58 safid the Skirmisher (level 4, -4/40 HPs)
             Began as a Hill Orc Fighter on Aug 12, 2022.
             Slain by an ice beast (9 damage)
             ... on level 3 of the Dungeon.
             The game lasted 00:02:02 (2149 turns).

safid the Skirmisher (Hill Orc Fighter)             Turns: 2149, Time: 00:02:03

Health: -4/40      AC:  7    Str: 20    XL:     4   Next: 1%
Magic:  4/4        EV:  9    Int:  8    God:
Gold:   71         SH:  4    Dex: 10    Spells: 3/3 levels left

rFire   . . .      SeeInvis .   a - +0 war axe
rCold   . . .      Faith    .   c - +0 buckler
rNeg    . . .      Spirit   .   b - +0 scale mail
rPois   .          Reflect  .   (no helmet)
rElec   .          Harm     .   (no cloak)
rCorr   .          Rampage  .   (no gloves)
Will    .....                   (no boots)
Stlth   ..........              (no amulet)
HPRegen 0.13/turn               (no ring)
MPRegen 0.09/turn               (no ring)

@: no status effects
A: no striking features
a: no special abilities


You were on level 3 of the Dungeon.
You visited 1 branch of the dungeon, and saw 3 of its levels.

You collected 71 gold pieces.

Inventory:

Hand Weapons
 a - a +0 war axe (weapon)
Missiles
 f - 9 poisoned darts (quivered)
Armour
 b - a +0 scale mail (worn)
 c - a +0 buckler (worn)
Jewellery
 e - a ring of ice
Scrolls
 h - a scroll of fear {unknown}
 i - a scroll of blinking {unknown}
 j - a scroll of vulnerability {unknown}
 k - a scroll of immolation {unknown}
Potions
 d - a potion of might
 g - a potion of curing {unknown}


   Skills:
 - Level 4.0 Fighting
 + Level 3.7 Axes
 - Level 4.0 Armour
 + Level 3.9 Shields


You had 3 spell levels left.
You didn't know any spells.
Your spell library contained the following spells:

 Spells                   Type           Power      Damage    Failure   Level
 Sting                    Tmut/Pois      0%         1d3       85%         1
 Poisonous Vapours        Pois/Air       0%         N/A       94%         2
 Olgreb's Toxic Radiance  Pois           0%         N/A       100%        4


Dungeon Overview and Level Annotations

Branches:
Dungeon (3/15)

Altars:

Annotations:
D:3 2 transporters, jjjjhere's ghost, weakling VSBr


Message History

You hit the ice beast but do no damage.
The ice beast is moderately wounded.
The ice beast barely misses you.
Unknown command.
You barely miss the ice beast.
The ice beast is moderately wounded.
The ice beast barely misses you.
Unknown command.
You barely miss the ice beast.
The ice beast is moderately wounded.
The ice beast completely misses you.
The ice beast hits you but does no damage.
Unknown command.
You hit the ice beast.
The ice beast is heavily wounded.
The ice beast hits you but does no damage.
Unknown command.
You hit the ice beast but do no damage.
The ice beast is heavily wounded.
The ice beast barely misses you.
Unknown command.
You hit the ice beast but do no damage.
The ice beast is heavily wounded.
The ice beast completely misses you. The ice beast hits you.
The ice beast freezes you!
Unknown command.
You barely miss the ice beast.
The ice beast is heavily wounded.
The ice beast hits you. The ice beast freezes you!
Unknown command.
You closely miss the ice beast.
The ice beast is heavily wounded.
The ice beast hits you.
* * * LOW HITPOINT WARNING * * *
The ice beast freezes you.
* * * LOW HITPOINT WARNING * * *
The ice beast hits you.
* * * LOW HITPOINT WARNING * * *
The ice beast freezes you!
You die...

#.# #.# ###
#.# ##.##
.#.# ##.#.##
.#.#
#.#@#.##
.#.#
#.#Y#.#.##
.#.####
#.#.J##.#.##
.#....##
##.#.
##.#.##
O#)#...##
##.# ##.#.##
##.##.#.##
##. ##.#.##
..####.#.##
## ##.#.##
..# ##.#.##
##.#.# ###
##.#.##
##.#.##


You could see an ice beast and an endoplasm.

Vanquished Creatures
  An adder (D:2)
  3 dart slugs (D:1)
  An orc (D:3)
  6 ball pythons
  2 endoplasms
  2 giant cockroaches
  2 goblins (D:2)
  3 hobgoblins
  A quokka (D:2)
  7 bats
  4 frilled lizards
  3 kobolds
  7 rats
42 creatures vanquished.

Notes
Turn   | Place    | Note
-------+----------+-------------------------------------------
     0 | D:1      | safid the Hill Orc Fighter began the quest for the Orb.
     0 | D:1      | Reached XP level 1. HP: 19/19 MP: 1/1
     4 | D:1      | Noticed an electric eel
   221 | D:1      | Reached XP level 2. HP: 26/27 MP: 2/2
   568 | D:1      | Found a faded altar of an unknown god.
   944 | D:2      | Reached XP level 3. HP: 33/33 MP: 3/3
  1987 | D:3      | Noticed jjjjhere's ghost (weakling VSBr)
  1987 | D:3      | Noticed an ogre
  1988 | D:3      | Found a transporter.
  1988 | D:3      | Found a transporter.
  1988 | D:3      | Noticed an ogre
  1988 | D:3      | Noticed an ogre
  2133 | D:3      | Noticed an ice beast
  2137 | D:3      | Reached XP level 4. HP: 32/40 MP: 4/4
  2149 | D:3      | Slain by an ice beast

Illustrated notes

Levels and vault maps discovered:
D:1:      arrival_aquarium_a, layout_loops_ring, ebering_ecumenical_altar_box,
          serial_bayou_crossing
D:2:      layout_loops_corners
D:3:      minmay_inner_zag, layout_basic, gammafunk_ghost_smash

Skill      XL: |  1  2  3 |
---------------+----------+-----
Axes           | 3 |  3.7
Fighting       | 4 |  4.0
Armour         | 4 |  4.0
Shields        | |  3.9

Action                   |  1- 3 |  4- 6 || total
-------------------------+-------+-------++-------
Melee: War axe           |   105 |    13 ||   118
Armor: Scale mail        |    60 |     8 ||    68
Dodge: Dodged            |    49 |     6 ||    55
Block: Buckler           |    22 |       ||    22
